 Dungeon Crawl Stone Soup version 0.31-a0-986-g5e6e4ef867 (webtiles) character file.

Game seed: 11192785151363410721

7158 jestert79 the Mimic (level 10, -7/44 HPs)
             Began as a Felid Shapeshifter on Nov 19, 2023.
             Was a High Priest of Fedhas.
             Mangled by a wolf (8 damage)
             ... on level 1 of the Lair of Beasts.
             The game lasted 00:44:55 (11738 turns).

jestert79 the Mimic (Felid Shapeshifter)           Turns: 11738, Time: 00:44:55

Health: -7/44      AC:  2    Str: 22    XL:     10   Next: 86%
Magic:  11/11      EV: 24    Int: 15    God:    Fedhas [*****.]
Gold:   590        SH:  0    Dex: 17    Spells: 7/9 levels left
                                        Lives:  0   Deaths: 4

rFire   . .          .
                       - Unarmed
rCold   . . .        (shield unavailable)
rNeg    . . .        (body armour unavailable)
rPois   .            (helmet unavailable)
rElec   .            (cloak unavailable)
rCorr   .            (gloves unavailable)
SInv    +            (boots unavailable)
Will    +....        (no amulet)
Stlth   +            o - +6 ring of strength
HPRegen 0.27/turn    p - +6 ring of strength
MPRegen 0.12/turn

%: no passive effects
@: lethally poisoned (-7 -> -25), flux-form, glowing, quick
A: glow, contaminating, very small, claws 1, fangs 3, see invisible, speed 1,
shaggy fur 2, stealthy paws, no weapons or thrown items, no armour, multi-lived
a: Begin Untransformation, Renounce Religion, Wall of Briars, Grow
Ballistomycete, Overgrow, Grow Oklob


You were on level 1 of the Lair of Beasts.
You worshipped Fedhas.
Fedhas was extremely pleased with you.
You were something dangerously unstable.
You visited 2 branches of the dungeon, and saw 11 of its levels.
You also visited: Bailey.

You collected 590 gold pieces.

Inventory:

Jewellery
 d - a ring of magical power
 o - a +6 ring of strength (left paw)
 p - a +6 ring of strength (right paw)
 y - a ring of flight
 A - a +5 ring of evasion
Talismans
 b - a beast talisman
 c - a flux talisman (active)
 t - a dragon-blood talisman
Wands
 v - a wand of charming (13)
 B - a wand of flame (3)
Scrolls
 g - a scroll of teleportation
 j - a scroll of blinking
 l - a scroll of amnesia
Potions
 a - a potion of brilliance {unknown}
 e - 5 potions of curing
 f - a potion of cancellation
 h - 2 potions of enlightenment
 i - 2 potions of lignification
 k - 2 potions of haste {unknown}
 m - 5 potions of heal wounds
 n - 2 potions of might
 r - 3 potions of berserk rage
 s - 5 potions of invisibility {unknown}
 u - 2 potions of mutation
 w - 2 potions of resistance {unknown}
 x - 4 potions of magic
 z - a potion of attraction {unknown}


   Skills:
 - Level 5.3 Fighting
 + Level 10.8 Dodging
 - Level 5.0 Stealth
 - Level 8.8 Unarmed Combat
 * Level 10.9 Shapeshifting


You had 7 spell levels left.
You knew the following spells:

 Your Spells              Type           Power      Damage    Failure   Level
a - Call Imp              Summ           0%         N/A       38%         2

Your spell library contained the following spells:

 Spells                   Type           Power      Damage    Failure   Level
 Freeze                   Ice            0%         1d3       26%         1
 Magic Dart               Conj           0%         1d3       26%         1
 Searing Ray              Conj           0%         2d4       38%         2
 Frozen Ramparts          Ice            0%         1d1       63%         3
 Hailstorm                Conj/Ice       0%         3d3       63%         3
 Mephitic Cloud           Conj/Pois/Air  0%         N/A       63%         3
 Fulminant Prism          Conj/Hex       0%         3d5       95%         4


Dungeon Overview and Level Annotations

Branches:
Dungeon (10/15)            Temple (0/1) D:6            Lair (1/5) D:9
    Orc (0/2) D:9          Bailey (visited)

Altars:
Dithmenos
Fedhas
Kikubaaqudgha
Okawaru
Trog
Xom

Shops:
D:8 (

Annotations:
D:4 1 runed translucent door, Crazy Yiuf
D:5 Eustachio
D:7 2 transporters, jimbles's ghost, novice SpEE


Innate Abilities, Weirdness & Mutations

You are something dangerously unstable.
You glow with magical radiation, making you easy to see and hit.
Foes you strike become dangerously contaminated with magical radiation.
You have sharp claws.
You have razor-sharp teeth.
You have supernaturally acute eyesight. (SInv)
You cover ground quickly. (Speed+)
You are covered in thick fur. (AC +2)
Your paws help you pounce on unaware monsters.
You are incapable of wielding weapons or throwing items.
You cannot wear armour.
You gain extra lives every three experience levels.


Message History

Unknown command.
Unknown command.
The wolf misses you.
The black mamba barely misses your cane toad.
Your black mamba bites the wolf.
The wolf closely misses you. The wolf completely misses you.
The black bear bites your cane toad.
The black bear claws your cane toad but does no damage.
The black bear completely misses your cane toad.
Unknown command.
Your black mamba bites the wolf but does no damage.
Your cane toad closely misses the wolf.
Your polar bear bites the black bear!
Your polar bear claws the black bear. x2; The wolf misses you.
Your black mamba barely misses the wolf.
You scratch the wolf.
The wolf begins to glow.
The wolf is moderately wounded.
The wolf bites you! The wolf bites you.
Your cane toad misses the wolf.
The black bear bites your polar bear.
The black bear closely misses your polar bear.
The black bear claws your polar bear.
Your black mamba barely misses the wolf.
Your polar bear bites the black bear!
The black bear dies!
Fedhas appreciates your contribution to the ecosystem.
The wolf closely misses you.
You barely miss the black mamba. The wolf closely misses you.
The black mamba bites you!
Your black mamba closely misses the wolf.
Your cane toad misses the wolf.
The wolf closely misses you. x2
The black mamba bites you!
* * * LOW HITPOINT WARNING * * *
You are lethally poisoned!
The black mamba poisons you!
You barely miss the black mamba. Your bite misses the black mamba.
* * * LOW HITPOINT WARNING * * *
You feel very sick.
Your black mamba barely misses the wolf.
Your cane toad stings the wolf!
The wolf looks as sick as possible!
Your cane toad poisons the wolf!
The wolf bites you!
You die...
Fedhas appreciates your contribution to the ecosystem.

### #.##
#..#
#..#
##pS#
#hhS##
##lF.#
#.h#.#
#......
#....###
P..###
....
#....


You could see a black mamba (ally target), a basilisk, 2 wolves, a friendly
polar bear (summoned), a friendly black mamba (summoned) and a friendly cane
toad (summoned).

Vanquished Creatures
  A two-headed ogre (D:9)
  2 death yaks
  An orc knight (Bailey)
  A cyclops (D:6)
  A troll (D:8)
  2 hornets
  Prince Ribbit (D:7)
  A shadow (D:10)
  A wraith (D:9)
  A wyvern (D:9)
  A steam dragon (D:7)
  A yak (D:9)
  Menkaure (D:4)
  3 water moccasins
  An orc warrior (D:8)
  An ice beast (D:5)
  An ogre (D:7)
  2 wolves (D:9)
  3 centaurs
  A phantom (D:5)
  2 kobold brigands
  2 bullfrogs
  A scorpion (D:5)
  A gnoll sergeant (D:8)
  10 wights (D:8)
  3 hounds
  4 jellies
  An orc priest (D:8)
  A gnoll bouda (D:6)
  An iguana (D:4)
  5 orc wizards
  2 hell rats (D:9)
  10 adders
  22 gnolls
  4 river rats (D:9)
  A shadow imp (D:8)
  A white imp (D:5)
  2 worms
  3 dart slugs
  39 orcs
  9 ball pythons
  8 endoplasms
  5 giant cockroaches
  5 goblins
  3 hobgoblins
  4 jackals
  12 kobolds
  5 quokkas
  5 bats (D:1)
  2 frilled lizards
  3 rats
203 creatures vanquished.

Vanquished Creatures (collateral kills)
  A black bear (Lair:1)
1 creature vanquished.

Vanquished Creatures (others)
  2 sleepcaps
  3 gnolls (D:6)
  4 orcs (D:7)
9 creatures vanquished.

Grand Total: 213 creatures vanquished

Notes
Turn   | Place    | Note
-------+----------+-------------------------------------------
     0 | D:1      | jestert79 the Felid Shapeshifter began the quest for the
                  | Orb.
     0 | D:1      | Reached XP level 1. HP: 9/9 MP: 2/2
   156 | D:1      | Reached skill level 1 in Stealth
   190 | D:1      | Reached XP level 2. HP: 12/12 MP: 3/3
   367 | D:1      | Found a faded altar of an unknown god.
   376 | D:1      | Prayed at the altar of an unknown god.
   376 | D:1      | Became a worshipper of Fedhas Madash
   376 | D:1      | Reached * piety under Fedhas
   626 | D:1      | Reached XP level 3. HP: 15/15 MP: 4/4
   932 | D:2      | Reached ** piety under Fedhas
   938 | D:2      | HP: 1/22 [poisoned by an adder]
  1219 | D:2      | Reached XP level 4. HP: 19/19 MP: 5/5
  1628 | D:3      | Identified the +6 scimitar of the Abyss {venom, rF+ Str+4}
  2130 | D:3      | Reached XP level 5. HP: 22/22 MP: 6/6
  2133 | D:3      | Learned a level 2 spell: Call Imp
  2419 | D:4      | Noticed Menkaure
  2564 | D:4      | Found a shadowy altar of Dithmenos.
  2605 | D:4      | Killed Menkaure
  2606 | D:4      | Reached skill level 5 in Shapeshifting
  2606 | D:4      | Gained mutation: You are covered in thick fur. (AC +2)
                  | [Felid growth]
  2606 | D:4      | Reached XP level 6. HP: 25/25 MP: 7/7
  2691 | D:4      | Found a runed translucent door.
  2692 | D:4      | Noticed Crazy Yiuf
  2802 | D:4      | Found a bloodstained altar of Trog.
  2820 | D:4      | Found an ancient bone altar of Kikubaaqudgha.
  2827 | D:4      | Found an iron altar of Okawaru.
  2980 | D:4      | Slain by an iguana
  3037 | D:4      | Reached *** piety under Fedhas
  3400 | D:5      | Entered Level 5 of the Dungeon
  3408 | D:5      | Noticed a hornet
  3731 | D:5      | Reached skill level 5 in Stealth
  3762 | D:5      | Reached XP level 7. HP: 28/28 MP: 8/8
  3829 | D:5      | Paralysed by a hornet for 1 turns
  3837 | D:5      | Slain by a hornet
  3853 | D:5      | Killed a hornet
  3957 | D:5      | Found a shimmering altar of Xom.
  4088 | D:5      | Noticed Eustachio
  4144 | D:6      | Found a staircase to the Ecumenical Temple.
  4471 | D:5      | Reached skill level 5 in Dodging
  4666 | D:6      | Noticed a cyclops
  4684 | D:6      | Killed a cyclops
  4685 | D:6      | Reached XP level 8. HP: 4/32 MP: 9/9
  5318 | D:6      | Identified the +0 plate armour "Hewutoki" {SInv}
  5637 | D:7      | Found a transporter.
  5639 | D:7      | Reached **** piety under Fedhas
  5640 | D:7      | Noticed jimbles's ghost (novice SpEE)
  5642 | D:7      | Noticed a manticore
  5815 | D:7      | Reached skill level 5 in Unarmed Combat
  5988 | D:7      | Found a transporter.
  6061 | D:7      | Noticed Prince Ribbit
  6237 | D:7      | Found a flagged portal.
  6250 | Bailey   | Entered a bailey
  6401 | Bailey   | Reached XP level 9. HP: 37/37 MP: 10/10
  6689 | Bailey   | Noticed an orc knight
  6704 | Bailey   | Killed an orc knight
  7132 | D:7      | Killed Prince Ribbit
  7691 | D:8      | Found Xoege's Weapon Emporium.
  7970 | D:8      | Reached ***** piety under Fedhas
  8031 | D:8      | Paralysed by a hornet for 2 turns
  8035 | D:8      | HP: 1/38 [poisoned by a hornet]
  8038 | D:8      | Slain by a hornet
  9128 | D:8      | You fall into a shaft and drop 2 floors!
  9128 | D:10     | Entered Level 10 of the Dungeon
  9206 | D:10     | Reached XP level 10. HP: 33/43 MP: 11/11
  9628 | D:9      | Found a staircase to the Orcish Mines.
  9811 | D:9      | Reached skill level 10 in Shapeshifting
 10165 | D:9      | Noticed a death yak
 10419 | D:9      | Noticed a two-headed ogre
 10432 | D:9      | Noticed a death yak
 10535 | D:9      | Noticed a death yak
 10660 | D:9      | Slain by a troll
 10681 | D:9      | Found a staircase to the Lair.
 10693 | D:9      | Killed a two-headed ogre
 10694 | D:9      | Reached skill level 5 in Fighting
 10694 | D:9      | Reached skill level 10 in Dodging
 11350 | D:8      | Killed a death yak
 11538 | D:9      | Killed a death yak
 11668 | Lair:1   | Entered Level 1 of the Lair of Beasts
 11732 | Lair:1   | Noticed a black mamba
 11738 | Lair:1   | HP: 1/44 [poisoned by a black mamba]
 11738 | Lair:1   | Mangled by a wolf

Illustrated notes

Levels and vault maps discovered:
D:1:      minmay_arrival_solitary_statue, layout_basic, serial_curves,
          eino_curves_03, eino_curves_03, shapermc_ecumenical_altar_pompeii,
          chequers_serial_rivers_marsh
D:2:      layout_rooms
D:3:      layout_rooms, chequers_serial_rivers_small_3, nicolae_half_adder
D:4:      layout_basic, lemuel_doored_altar, minmay_overflow_temple_star_quad,
          uniq_crazy_yiuf_cottage, uniq_menkaure
D:5:      layout_cave_pools, dk_xom_monty_hall, uniq_eustachio
D:6:      layout_cave_pools, minmay_temple_entry_offerings
D:7:      layout_loops_ring, enter_bailey_2, gammafunk_ghost_arena,
          uniq_prince_ribbit1
D:8:      layout_loops_corners, serial_shops, shop
D:9:      layout_cave_pools, dpeg_lair_monsters, orc_0_dummy
D:10:     minmay_four_partial_circles, layout_basic,
          hangedman_abyss_or_decor_stagger, dreamdust_princess_corridor,
          uniq_josephine, uniq_snorg
Lair:1:   layout_misc_corridors

Skill      XL: |  1  2  3  4  5  6  7  8  9 10 |
---------------+-------------------------------+-----
Stealth        | 1 2 3 4 5 |  5.0
Shapeshifting  | 4 5 6 8 9 10 | 10.9
Unarmed Combat | 4 5 7 8 |  8.8
Dodging        | 3 6 7 9 10 | 10.8
Fighting       | 3 4 5 |  5.3

Action                     |  1- 3 |  4- 6 |  7- 9 | 10-12 || total
---------------------------+-------+-------+-------+-------++-------
  Melee: Unarmed           |    84 |   117 |   310 |   150 ||   661
         Bite              |     2 |    13 |    54 |    13 ||    82
         Punch             |       |     2 |     2 |     3 ||     7
         Tailslap          |       |       |       |     3 ||     3
Ability: Breathe Fire      |       |       |       |     2 ||     2
  Evoke: Wand              |       |       |     1 |       ||     1
    Use: Potion            |     3 |       |     2 |       ||     5
         Scroll            |       |       |    15 |     2 ||    17
   Stab: Sleeping          |     4 |     6 |     8 |       ||    18
         Distracted        |       |       |     1 |       ||     1
 Armour: Skin              |    26 |    38 |    86 |    65 ||   215
  Dodge: Dodged            |    65 |    57 |   242 |   192 ||   556
   Form: Flux              |       |       |     1 |     1 ||     2
         Dragon            |       |       |       |     1 ||     1

Table legend: (Time is in decaauts)
 A = Elapsed time spent in this place.
 B = Non-inter-level travel time spent in this place.
 C = Inter-level travel time spent in this place.
 D = Time resting spent in this place.
 E = Time spent auto-exploring this place.
 F = Levels seen in this place.
 G = Mean time per level.
                   A        B        C        D        E       F      G
               +--------+--------+--------+--------+--------+-----+--------+
         Total |  10271 |   9450 |    821 |   2978 |   3036 |  12 |  855.9 |
       Dungeon |   9607 |   8787 |    820 |   2659 |   2998 |  10 |  960.7 |
          Lair |      9 |      9 |      0 |      0 |      0 |   1 |    9.0 |
        Bailey |    654 |    654 |      0 |    319 |     38 |   1 |  654.0 |
               +--------+--------+--------+--------+--------+-----+--------+

Top non-repeatable levels by time:
     D:8: 2600 daAuts
     D:6: 1075 daAuts
     D:7: 1061 daAuts
     D:5: 975 daAuts
     D:9: 937 daAuts
     D:3: 861 daAuts
     D:4: 814 daAuts
     D:1: 723 daAuts
  Bailey: 654 daAuts
     D:2: 489 daAuts
    D:10: 68 daAuts
  Lair:1: 9 daAuts
